 Dungeon Crawl Stone Soup version 0.31-a0-195-g7586a6f1e9 (webtiles) character file.

Game seed: 4671556707294173922

51 qw the Shooter (level 3, 0/20 HPs)
             Began as a Deep Elf Hunter on June 24, 2023.
             Slain by Natasha (2 damage)
             ... on level 2 of the Dungeon.
             The game lasted 00:00:20 (1057 turns).

qw the Shooter (Deep Elf Hunter)                    Turns: 1057, Time: 00:00:20

Health: 0/20       AC:  5    Str: 10    XL:     3   Next: 57%
Magic:  5/5        EV: 12    Int: 13    God:
Gold:   101        SH:  0    Dex: 18    Spells: 2/2 levels left

rFire   . . .        Y - +0 shortbow
rCold   . . .        (shield currently unavailable)
rNeg    . . .        c - +0 leather armour
rPois   .            g - +1 hat
rElec   .            f - +0 cloak
rCorr   .            (no gloves)
SInv    .            (no boots)
Will    .....        (no amulet)
Stlth   ++           (no ring)
HPRegen 0.23/turn    (no ring)
MPRegen 0.09/turn

%: no passive effects
@: slowed, very slow
A: no striking features
a: no special abilities


You were on level 2 of the Dungeon.
You visited 1 branch of the dungeon, and saw 2 of its levels.

You collected 101 gold pieces.


   Skills:
 - Level 1.5 Fighting
 + Level 7.1 Ranged Weapons
 - Level 2.4 Dodging
 - Level 1.2 Stealth


You had 2 spell levels left.
You didn't know any spells.
Your spell library was empty.

Inventory:

Hand Weapons
 Y - a +0 shortbow (weapon)
Armour
 c - a +0 leather armour (worn)
 f - a +0 cloak (worn)
 g - a +1 hat (worn)
 h - a +0 ring mail
Scrolls
 a - a scroll of fog {unknown}
 b - a scroll of immolation {unknown}
 i - a scroll of vulnerability {unknown}
Potions
 d - a potion of curing
 e - a potion of haste
 k - a potion of heal wounds {unknown}

Dungeon Overview and Level Annotations

Branches:
Dungeon (2/15)

Altars:

Shops:
D:2 [

Annotations:
D:2 Natasha


Message History

Enter note:
Enter note:
Enter note:
Enter note: You shoot an arrow.
The arrow hits Natasha but does no damage.
Natasha howls an incantation.
Natasha glows brightly for a moment.
You shoot an arrow. The arrow barely misses Natasha.
You shoot an arrow. The arrow hits Natasha.
Natasha is lightly wounded.
Natasha stares at you and mumbles some strange words.
The magic dart hits you.
You shoot an arrow.
The arrow hits Natasha but does no damage.
Natasha is lightly wounded.
Natasha casts a spell at you. The magic dart hits you.
You shoot an arrow. The arrow barely misses Natasha.
Natasha barely misses you. Natasha casts a spell at you.
You feel yourself slow down.
You shoot an arrow. The arrow completely misses Natasha.
Natasha casts a spell at you. You resist with some effort. Natasha claws you.
You shoot an arrow. The arrow hits Natasha.
Natasha is moderately wounded.
Natasha claws you.
Natasha mumbles some strange words.
You feel troubled. Natasha closely misses you.
You shoot an arrow. The arrow barely misses Natasha.
Natasha claws you.
Natasha stares at you and mumbles some strange words.
You resist with some effort.
Natasha mewls in sadness.
Natasha barely misses you.
You shoot an arrow. The arrow closely misses Natasha.
Natasha claws you.
You die...

. ... # #.... #
####..\... ##### #
#.@h.# #.... .##.####
..######### ..#.#
.[........# #.#.#
..........# #.#.# #.#
..........# #.#.# #.#
..........# #.#.# #.#
..........###...# #.#
..............########
#.#####


You could see Natasha (fast).

Vanquished Creatures
  Natasha (D:2)
  6 ball pythons
  An endoplasm (D:1)
  A giant cockroach (D:1)
  3 goblins
  3 jackals (D:1)
  2 kobolds (D:1)
  A quokka (D:1)
  3 bats
  A frilled lizard (D:1)
  2 rats
24 creatures vanquished.

Notes
Turn   | Place    | Note
-------+----------+-------------------------------------------
     0 | D:1      | qw the Deep Elf Hunter began the quest for the Orb.
     0 | D:1      | Reached XP level 1. HP: 12/12 MP: 3/3
     0 | D:1      | 0 ||| qw: Version: 0.3-a-9-g12657ce
     0 | D:1      | 0 ||| qw: Game counter: 4732
     0 | D:1      | 0 ||| qw: Always use a shield: true
     0 | D:1      | 0 ||| qw: God list: Okawaru
     0 | D:1      | 0 ||| qw: Allow faded altars: false
     0 | D:1      | 0 ||| qw: Do Orc after D:15 true
     0 | D:1      | 0 ||| qw: Do second Lair branch before Depths: true
     0 | D:1      | 0 ||| qw: Lair rune preference: random
     0 | D:1      | 0 ||| qw: Plans: Normal
     0 | D:1      | 0 ||| PLANNING D:1-11
    62 | D:1      | HP: 3/12 [kobold/+0 short sword (4)]
   122 | D:1      | Reached XP level 2. HP: 16/16 MP: 4/4
   127 | D:1      | Reached skill level 6 in Ranged Weapons
   687 | D:1      | 687 ||| UPGRADING to +0 cloak.
   692 | D:1      | 692 ||| UPGRADING to +1 hat.
   697 | D:1      | 697 ||| READING scroll labelled XOIDYEKU VUWE.
   798 | D:1      | 798 ||| READING scroll labelled JOFUEFRICRY.
   799 | D:1      | 799 ||| READING scroll labelled KEITHA HUARUFF.
   800 | D:1      | 800 ||| DRINKING 2 fuming dark potions.
   801 | D:1      | 801 ||| DROPPING scroll of butterflies.
  1000 | D:2      | Noticed Natasha
  1008 | D:2      | Killed Natasha
  1009 | D:2      | Reached skill level 7 in Ranged Weapons
  1009 | D:2      | Reached XP level 3. HP: 18/20 MP: 5/5
  1046 | D:2      | Found Ryshan's Antique Armour Boutique.
  1048 | D:2      | Noticed Natasha
  1055 | D:2      | HP: 4/20 [Natasha (6)]
  1057 | D:2      | Slain by Natasha

Levels and vault maps discovered:
D:1:      ncdulo_watergridlock, layout_loops_ring
D:2:      layout_rooms, basic_altar, serial_shops, shop, uniq_natasha

Skill      XL: |  1  2 |
---------------+-------+-----
Ranged Weapons | 7 |  7.1
Fighting       | |  1.5
Dodging        | |  2.4
Stealth        | |  1.2

Action                     || total
---------------------------++-------
   Fire: Shortbow          ||    65
    Use: Scroll            ||     3
         Potion            ||     1
 Armour: Leather armour    ||     4
  Dodge: Dodged            ||    22

Table legend:
 A = Non-vault XP
 B = Vault XP
 C = Vault XP percentage of total XP
 D = Non-vault monster count
 E = Vault monster count
 F = Vault count percentage of total count
                 A         B        C        D         E       F
            +---------+---------+-------+---------+---------+-------
      Total |      38 |      35 |  47.9 |      23 |       1 |   4.2
            +---------+---------+-------+---------+---------+-------
        D:1 |      29 |       0 |   0.0 |      17 |       0 |   0.0
        D:2 |       9 |      35 |  79.5 |       6 |       1 |  14.3
            +---------+---------+-------+---------+---------+-------
